 Dungeon Crawl Stone Soup version 0.30.0-5-g1a98f26d00 (webtiles) character file.

Game seed: 16862170730485388905

95 edwardauron the Ducker (level 4, -2/20 HPs)
             Began as a Felid Transmuter on May 12, 2023.
             Was an Initiate of Cheibriados.
             Slain by Crazy Yiuf
             ... wielding a +3 quarterstaff of chaos
              (4 damage)
             ... on level 2 of the Dungeon.
             The game lasted 00:02:13 (1733 turns).

edwardauron the Ducker (Felid Transmuter)           Turns: 1733, Time: 00:02:14

Health: -2/20      AC:  1    Str:  7    XL:     4   Next: 40%
Magic:  9/9        EV: 19    Int: 15    God:    Cheibriados [......]
Gold:   69         SH:  0    Dex: 20    Spells: 7/8 levels left
                                        Lives:  0   Deaths: 1

rFire   . .          .
                       - Unarmed
rCold   . . .        (shield unavailable)
rNeg    . . .        (body armour unavailable)
rPois   .            (helmet unavailable)
rElec   .            (cloak unavailable)
rCorr   .            (gloves unavailable)
SInv    +            (boots unavailable)
Will    .....        (no amulet)
Stlth   ++           (no ring)
HPRegen 0.23/turn    (no ring)
MPRegen 0.11/turn

%: no passive effects
@: appendages (expiring), slow
A: horns 2, very small, claws 1, fangs 3, see invisible, speed 1, shaggy fur 1,
stealthy paws, no weapons or thrown items, no armour, multi-lived
a: End Transformation, Renounce Religion


You were on level 2 of the Dungeon.
You worshipped Cheibriados.
Cheibriados was noncommittal.
You had temporarily grown beastly horns.
You visited 1 branch of the dungeon, and saw 2 of its levels.

You collected 69 gold pieces.

Inventory:

Wands
 f - a wand of quicksilver (10)
Scrolls
 a - a scroll of enchant armour {unknown}
 b - a scroll of brand weapon {unknown}
 c - 2 scrolls of identify {unknown}
 g - a scroll of fog {unknown}
Potions
 e - a potion of degeneration {unknown}


   Skills:
 + Level 2.4 Fighting
 + Level 4.0 Dodging
 + Level 3.8 Unarmed Combat
 + Level 2.9 Spellcasting
 + Level 3.4 Transmutations


You had 7 spell levels left.
You knew the following spells:

 Your Spells              Type           Power      Damage    Failure   Level
a - Beastly Appendage     Tmut           24%        N/A       4%          1

Your spell library contained the following spells:

 Spells                   Type           Power      Damage    Failure   Level
 Wereblood                Tmut           12%        N/A       8%          2
 Spider Form              Tmut/Pois      7%         N/A       30%         3
 Ice Form                 Ice/Tmut       7%         N/A       69%         4
 Animate Dead             Necr           2%         N/A       90%         4
 Borgnjor's Vile Clutch   Necr/Erth      1%         N/A       99%         5
 Death Channel            Necr           1%         N/A       100%        6


Dungeon Overview and Level Annotations

Branches:
Dungeon (2/15)

Altars:
Cheibriados

Annotations:
D:2 Crazy Yiuf


Innate Abilities, Weirdness & Mutations

You have temporarily grown beastly horns.
You have sharp claws.
You have razor-sharp teeth.
You have supernaturally acute eyesight. (SInv)
You cover ground quickly. (Speed+)
You are covered in fur. (AC +1)
Your paws help you pounce on unaware monsters.
You are incapable of wielding weapons or throwing items.
You cannot wear armour.
You gain extra lives every three experience levels.


Message History

Crazy Yiuf hits you with a +3 quarterstaff of chaos!
Crazy Yiuf freezes you.
* * * LOW HITPOINT WARNING * * *
You scratch Crazy Yiuf but do no damage.
You claw Crazy Yiuf, but do no damage.
Crazy Yiuf is moderately wounded.
Crazy Yiuf hits you with a +3 quarterstaff of chaos!
Ouch! That really hurt!
You die...
Your shape twists and changes as you die.
Crazy Yiuf freezes you!
You are now level 4!
Your horns disappear.
You rejoin the land of the living...
Crazy Yiuf is nearby!
Casting: Beastly Appendage (safe; 4% risk of failure)
Confirm with . or Enter, or press ? or * to list all spells.
You grow a pair of large bovine horns.
Crazy Yiuf glowers.
Crazy Yiuf laughs, "Spliff!
Whiteboard pizzabubble broken."
Crazy Yiuf hits you with a +3 quarterstaff of chaos!
Ouch! That really hurt!
You are too injured to fight recklessly!
You are too injured to fight recklessly!
You are too injured to fight recklessly!
You barely miss Crazy Yiuf.
Crazy Yiuf is moderately wounded.
Crazy Yiuf misses you.
You barely miss Crazy Yiuf. You headbutt Crazy Yiuf.
Crazy Yiuf is heavily wounded.
Crazy Yiuf completely misses you.
You scratch Crazy Yiuf. You claw Crazy Yiuf, but do no damage.
Crazy Yiuf is severely wounded.
Crazy Yiuf misses you.
You scratch Crazy Yiuf but do no damage.
Crazy Yiuf is severely wounded.
Crazy Yiuf hits you with a +3 quarterstaff of chaos!
* * * LOW HITPOINT WARNING * * *
Crazy Yiuf burns you.
You die...

####...# #........#
.......###........##########
...........(......#........#
..................#........#
..................#........#
.................##......).#
.......#####.....##........#
.................g........>#
.......#........@##........#
.......#.........##........#
.......#....###....###.###.#
....####....# #.....##.# #.#
....# #....# #.....##.###.#
....####....# ###..........#
#...##......#####....#####.###
#...##...###....#....# #...##
######...###.........# ##...##


You could see Crazy Yiuf.

Vanquished Creatures
  Sigmund (D:2)
  2 bats
  5 endoplasms
  A giant cockroach (D:1)
  5 goblins
  3 hobgoblins
  2 jackals (D:2)
  A quokka (D:2)
  4 frilled lizards
  3 kobolds
  2 rats
29 creatures vanquished.

Notes
Turn   | Place    | Note
-------+----------+-------------------------------------------
     0 | D:1      | edwardauron the Felid Transmuter began the quest for the
                  | Orb.
     0 | D:1      | Reached XP level 1. HP: 9/9 MP: 4/4
   456 | D:1      | Reached XP level 2. HP: 12/12 MP: 6/6
   584 | D:1      | Reached skill level 3 in Dodging
   977 | D:2      | Found a snail-covered altar of Cheibriados.
  1039 | D:2      | Reached XP level 3. HP: 15/15 MP: 5/7
  1068 | D:2      | Became a worshipper of Cheibriados the Contemplative
  1175 | D:2      | Noticed Sigmund
  1194 | D:2      | Killed Sigmund
  1195 | D:2      | Reached skill level 4 in Dodging
  1195 | D:2      | Reached XP level 4. HP: 20/20 MP: 7/9
  1195 | D:2      | Reached XP level 5. HP: 23/23 MP: 7/10
  1635 | D:2      | Found a runed translucent door.
  1637 | D:2      | Noticed Crazy Yiuf
  1647 | D:2      | Mangled by Crazy Yiuf
  1648 | D:2      | Reached XP level 4. HP: -9/20 MP: 9/9
  1733 | D:2      | Slain by Crazy Yiuf

Illustrated notes

Levels and vault maps discovered:
D:1:      roderic_octagonal_star, layout_basic, nrook_uturn,
          minmay_misc_feat_cross, minmay_ruptured
D:2:      layout_basic, basic_altar, uniq_sigmund, uniq_crazy_yiuf_cottage

Skill      XL: |  1  2  3 |
---------------+----------+-----
Dodging        | 3 4 |  4.0
Fighting       | 2 |  2.4
Transmutations | 3 |  3.4
Unarmed Combat | |  3.8
Spellcasting   | |  2.9

Action                     |  1- 3 |  4- 6 || total
---------------------------+-------+-------++-------
  Melee: Unarmed           |    70 |    23 ||    93
         Bite              |     7 |     3 ||    10
         Punch             |     1 |     2 ||     3
         Headbutt          |     1 |     1 ||     2
   Cast: Beastly Appendage |     3 |     4 ||     7
    Use: Potion            |     1 |     1 ||     2
   Stab: Sleeping          |     2 |       ||     2
 Armour: Skin              |     6 |     2 ||     8
  Dodge: Dodged            |    41 |    17 ||    58
